 Dungeon Crawl Stone Soup version 0.29-a0-1047-g7c58e119a4 (webtiles) character file.

Game seed: 11146470070845186216

45 SensoryNuts the Trooper (level 3, -1/29 HPs)
             Began as a Demonspawn Fighter on Aug 16, 2022.
             Slain by an endoplasm (2 damage)
             ... on level 2 of the Dungeon.
             The game lasted 00:01:38 (1197 turns).

SensoryNuts the Trooper (Demonspawn Fighter)        Turns: 1197, Time: 00:01:39

Health: -1/29      AC:  6    Str: 18    XL:     3   Next: 42%
Magic:  3/3        EV:  9    Int:  9    God:
Gold:   47         SH:  4    Dex: 12    Spells: 2/2 levels left

rFire   . . .      SeeInvis .   a - +0 long sword
rCold   . . .      Faith    .   c - +0 buckler
rNeg    . . .      Spirit   .   b - +0 scale mail
rPois   .          Reflect  .   (no helmet)
rElec   .          Harm     .   (no cloak)
rCorr   .          Rampage  .   (no gloves)
Will    .....                   (no boots)
Stlth   ..........              (no amulet)
HPRegen 0.09/turn               (no ring)
MPRegen 0.08/turn               (no ring)

@: mighty
A: foul stench 2
a: no special abilities


You were on level 2 of the Dungeon.
You visited 1 branch of the dungeon, and saw 2 of its levels.

You collected 47 gold pieces.

Inventory:

Hand Weapons
 a - a +0 long sword (weapon)
Armour
 b - a +0 scale mail (worn)
 c - a +0 buckler (worn)
Scrolls
 e - 2 scrolls of teleportation {unknown}
 f - 3 scrolls of identify {unknown}
 g - a scroll of immolation {unknown}
 h - a scroll of enchant armour {unknown}
 i - a scroll of poison {unknown}
 j - a scroll of torment {unknown}


   Skills:
 + Level 3.4 Fighting
 + Level 2.3 Long Blades
 + Level 3.0 Armour
 + Level 0.2 Dodging
 + Level 0.1 Stealth
 + Level 3.0 Shields


You had 2 spell levels left.
You didn't know any spells.
Your spell library was empty.

Dungeon Overview and Level Annotations

Branches:
Dungeon (2/15)

Altars:


Innate Abilities, Weirdness & Mutations

You sometimes emit foul miasma when damaged in melee.


Message History

No target in view!
No target in view!
Things that are here:
a +0 whip; 3 stones You open the door.
An endoplasm and a jelly come into view.
The jelly quivers.
Found a rat skeleton.
There are monsters nearby!
There are monsters nearby!
A jelly and 8 endoplasms come into view.
Found two hobgoblin skeletons, two goblin skeletons and a pink potion.
The endoplasm quivers. x4; The jelly quivers.
The endoplasm quivers. x2
The endoplasm hits the fungus.
The fungus begins to die.
There is an open door here.
You hit the endoplasm.
The endoplasm is almost dead.
The endoplasm hits the fungus. x2; The fungus begins to die.
The endoplasm freezes you.
You are frozen.
You block the endoplasm's attack.
The endoplasm hits the fungus.
You barely miss the endoplasm.
The endoplasm is almost dead.
The endoplasm freezes you.
You are frozen.
The endoplasm closely misses you.
You barely miss the endoplasm.
The endoplasm is almost dead.
The endoplasm misses you.
You hit the jelly.
Your hands burn!
The jelly is moderately wounded.
A nearby fungus withers and dies. x2; The endoplasm closely misses you.
The endoplasm freezes you.
You are frozen.
The endoplasm hits you. The jelly hits you.
You are splashed with acid!
* * * LOW HITPOINT WARNING * * *
You feel very mighty all of a sudden.
The endoplasm hits you but does no damage.
The jelly hits you but does no damage. The endoplasm attacks as you move away!
The endoplasm hits you.
You die...

#######
##########JJ....#
########....[.##@JJJ...#
.....##.......#.#JJ÷...#
#..'........#.#JJJ.P.#
#.))).......#.#J÷...÷#
#..').....#'#)#...P..#
#..##.....#.#.#......#
#..###....#.#.#.....P#
##.#########.##.....!#
#..##########


You could see 2 jellies and 9 endoplasms.

Vanquished Creatures
  2 adders (D:2)
  2 endoplasms
  A giant cockroach (D:1)
  A goblin (D:1)
  2 hobgoblins (D:1)
  2 quokkas (D:1)
  3 ball pythons
  2 bats
  A frilled lizard (D:1)
  9 kobolds
  A rat (D:1)
26 creatures vanquished.

Vanquished Creatures (others)
  4 fungi (D:2)
  12 toadstools (D:2)
16 creatures vanquished.

Grand Total: 42 creatures vanquished

Notes
Turn   | Place    | Note
-------+----------+-------------------------------------------
     0 | D:1      | SensoryNuts the Demonspawn Fighter began the quest for the
                  | Orb.
     0 | D:1      | Reached XP level 1. HP: 18/18 MP: 1/1
   221 | D:1      | Gained mutation: You may rarely emit foul miasma when
                  | damaged in melee. [demonic ancestry]
   221 | D:1      | Reached XP level 2. HP: 24/24 MP: 2/2
   271 | D:1      | Found a faded altar of an unknown god.
   954 | D:2      | Gained mutation: You sometimes emit foul miasma when
                  | damaged in melee. [demonic ancestry]
   954 | D:2      | Reached XP level 3. HP: 29/29 MP: 3/3
  1195 | D:2      | HP: 1/29 [acid (8)]
  1197 | D:2      | Slain by an endoplasm

Illustrated notes

Levels and vault maps discovered:
D:1:      giann_horns, layout_rooms, ebering_ecumenical_altar_petrified,
          wad_floor_pattern_untrapped
D:2:      cheibrodos_fertilizer, layout_basic, basic_altar, serial_shops,
          shop_statue

Skill      XL: |  1  2 |
---------------+-------+-----
Long Blades    | 2 |  2.3
Armour         | 3 |  3.0
Shields        | 3 |  3.0
Fighting       | |  3.4
Dodging        | |  0.2
Stealth        | |  0.1

Action                   || total
-------------------------++-------
Melee: Long sword        ||    99
  Use: Potion            ||     2
Armor: Scale mail        ||    71
Dodge: Dodged            ||    65
Block: Buckler           ||    30

Table legend: (Time is in decaauts)
 A = Elapsed time spent in this place.
 B = Non-inter-level travel time spent in this place.
 C = Inter-level travel time spent in this place.
 D = Time resting spent in this place.
 E = Time spent auto-exploring this place.
 F = Levels seen in this place.
 G = Mean time per level.
                   A        B        C        D        E       F      G
               +--------+--------+--------+--------+--------+-----+--------+
         Total |   1231 |   1231 |      0 |      0 |    984 |   2 |  615.5 |
       Dungeon |   1231 |   1231 |      0 |      0 |    984 |   2 |  615.5 |
               +--------+--------+--------+--------+--------+-----+--------+

Top non-repeatable levels by time:
     D:1: 840 daAuts
     D:2: 391 daAuts
